Map: Dusty Gorge

Players

Gaudreaultsp - Winner!

  • Race: Protoss Protoss
  • League: Gold
  • Spawn Location: 9:00

PureLegacy - Winner!

  • Race: Terran Terran
  • Spawn Location: 11:00

Rolo

  • Race: Zerg Zerg
  • Spawn Location: 3:00

Hero

  • Race: Protoss Protoss
  • League: Diamond
  • Spawn Location: 5:00

VOD

Have the link to the VOD?

Description

Time

  • Played on: Nov. 27, 2018, 7:54 a.m.
  • Length: 7:24
Show
View Real Time Build Order
Export as new Build Order

Gaudreaultsp Protoss - Winner!

Build Orders:  

Get SALT Encoding   

  12  0:01  Probe  
  13  0:13  Probe  
  14  0:25  Probe  
  15  0:35  Pylon  
  15  0:53  Probe  
  16  0:57  Forge  
  16  1:02  Gateway, Probe  
  16  1:08  Assimilator  
  17  1:11  Probe  
  17  1:19  Probe  
  18  1:29  Probe  
  18  1:32  Pylon  
  19  1:41  Probe  
  20  1:48  Photon Cannon  
  20  1:53  Probe  
  21  1:59  Cybernetics Core  
  21  2:01  Probe  
  22  2:09  Probe  
  22  2:10  Assimilator  
  23  2:20  Probe  
  24  2:25  Photon Cannon, Warp Gate  
  24  2:32  Probe  
  26  2:44  Probe  
  26  2:56  Nexus  
  26  3:03  Probe  
  27  3:15  Probe  
  27  3:16  Gateway  
  28  3:21  Gateway  
  28  3:29  Gateway  
  28  3:35  Pylon  
  28  3:38  Probe  
  29  3:50  Probe  
  30  4:08  Photon Cannon  
  30  4:23  Gateway  
  30  4:29  Stalker  
  30  4:30  Stalker  
  30  4:31  Stalker x2  
  38  4:44  Pylon  
  38  4:47  Pylon  
  38  4:53  Stalker x2  
  38  4:54  Stalker  
  38  4:56  Sentry  
  46  5:09  Robotics Facility  
  46  5:20  Stalker  
  48  5:21  Stalker  
  48  5:25  Stalker  
  48  5:26  Sentry  
  54  5:33  Probe  
  54  5:36  Probe  
  54  5:37  Pylon  
  54  5:41  Probe  
  56  5:44  Probe  
  56  5:45  Stalker  
  42  7:05  Stalker x3  
  42  7:06  Stalker x2  
Show
View Real Time Build Order
Export as new Build Order

PureLegacy Terran - Winner!

Build Orders:  

Get SALT Encoding   

  12  0:03  SCV  
  13  0:15  SCV  
  13  0:20  Supply Depot  
  14  0:27  SCV  
  15  0:31  Refinery  
  15  0:42  SCV  
  16  0:47  Barracks  
  16  0:54  SCV  
  17  1:07  Barracks  
  17  1:17  Barracks  
  17  1:27  SCV  
  18  1:34  Reaper  
  19  1:40  Orbital Command  
  19  1:50  Refinery  
  20  1:54  Reaper  
  20  2:00  Supply Depot  
  20  2:04  Reaper  
  21  2:09  Reaper  
  22  2:17  SCV  
  23  2:27  Supply Depot, Reaper  
  23  2:29  SCV  
  25  2:49  Reaper  
  25  2:50  Reaper  
  28  2:51  SCV  
  28  2:59  Reaper  
  29  3:17  Command Center  
  29  3:20  SCV  
  29  3:21  Reaper  
  29  3:22  Reaper  
  29  3:27  Engineering Bay  
  32  3:32  Reaper  
  32  3:33  SCV  
  34  3:45  SCV  
  35  3:53  Reaper  
  35  3:54  Reaper  
  38  4:03  Terran Infantry Weapons Level 1  
  38  4:07  Barracks x2, Reaper  
  38  4:14  Missile Turret  
  38  4:25  Reaper  
  38  4:29  Reaper, SCV  
  41  4:33  Orbital Command  
  40  4:42  Reaper  
  40  4:43  SCV  
  42  4:50  Refinery  
  42  4:55  Refinery  
  42  4:56  Reaper x2  
  44  5:01  Reaper  
  44  5:04  SCV  
  46  5:07  Reaper  
  46  5:10  SCV  
  48  5:20  Reaper  
  42  5:29  Reaper x2  
  42  5:31  SCV x2  
  46  5:36  Reaper  
  47  5:43  SCV x2  
  47  5:45  Barracks  
  47  5:46  Reaper  
  47  5:47  Barracks  
  50  5:52  Reaper  
  51  5:57  SCV x2  
  51  6:01  Supply Depot, Reaper  
  54  6:08  Reaper  
  54  6:11  Reaper  
  53  6:18  Reaper  
  54  6:24  Reaper  
  53  6:26  SCV x2  
  53  6:30  Supply Depot  
  55  6:33  Reaper  
  55  6:37  Reaper x2  
  56  6:40  Reaper  
  57  6:49  Reaper  
  57  6:50  Reaper  
  58  6:55  SCV x2  
  58  6:58  Barracks Tech Lab  
  61  7:10  SCV  
Show
View Real Time Build Order
Export as new Build Order

Rolo Zerg 

Build Orders: Pool First 

Get SALT Encoding   

  12  0:02  Drone  
  13  0:13  Overlord  
  13  0:19  Drone  
  14  0:31  Drone x2  
  16  0:39  Drone  
  17  0:43  Extractor  
  16  0:50  Spawning Pool  
  16  0:52  Drone  
  16  1:17  Drone  
  17  1:20  Hatchery  
  17  1:24  Drone  
  17  1:28  Drone  
  18  1:41  Queen  
  18  1:45  Drone  
  21  1:53  Metabolic Boost  
  21  1:59  Overlord  
  21  2:05  Zergling x2  
  22  2:17  Queen  
  24  2:32  Drone  
  24  2:33  Drone x3  
  28  2:47  Zergling x4  
  30  2:53  Zergling x2  
  30  2:54  Zergling x2  
  31  3:08  Zergling x4  
  31  3:14  Zergling x2  
  31  3:19  Zergling x2  
  33  3:20  Baneling Nest  
  33  3:25  Zergling x2  
  33  3:26  Overlord, Spine Crawler, Zergling x4  
  34  3:31  Drone x2  
  36  3:35  Spore Crawler  
  36  3:37  Drone  
  36  3:44  Overlord  
  35  4:00  Zergling x8  
  38  4:07  Baneling x5  
  38  4:09  Drone  
  39  4:13  Spore Crawler  
  38  4:27  Drone x3  
  41  4:31  Drone x3  
  43  4:53  Drone x3  
  43  4:54  Drone  
  43  4:56  Overlord, Zergling x4  
  43  4:57  Zergling x2  
  50  5:00  Baneling x2  
  45  5:30  Zergling x2  
  45  5:31  Baneling, Zergling x6  
  45  5:32  Baneling x3  
  45  5:33  Drone x3  
  52  5:36  Extractor  
  52  5:37  Lair  
  52  5:42  Overlord  
  51  5:53  Zergling x4  
  51  5:56  Hatchery  
  51  6:03  Zergling x4  
  53  6:09  Zergling x2  
  53  6:10  Zergling x8  
  51  6:20  Zergling x8  
  47  6:42  Zergling x8  
  45  6:52  Zergling x2  
  43  7:02  Zergling x8  
  43  7:05  Zergling x6  
Show
View Real Time Build Order
Export as new Build Order

Hero Protoss 

Build Orders: 1 Gate Expand 

Get SALT Encoding   

  12  0:01  Probe  
  13  0:13  Probe  
  14  0:18  Pylon  
  14  0:25  Probe  
  15  0:33  Probe  
  15  0:41  Probe  
  15  0:42  Gateway  
  17  1:11  Nexus  
  17  1:18  Nexus  
  17  1:25  Assimilator  
  17  1:33  Probe  
  17  1:34  Cybernetics Core  
  18  1:41  Probe  
  19  1:50  Assimilator  
  19  1:51  Probe  
  20  2:03  Probe  
  20  2:04  Pylon  
  23  2:18  Adept, Probe  
  24  2:30  Probe  
  24  2:35  Twilight Council  
  25  2:43  Probe  
  24  2:57  Probe  
  25  3:02  Resonating Glaives  
  25  3:03  Stalker, Probe  
  26  3:07  Robotics Facility  
  28  3:23  Shield Battery  
  28  3:31  Pylon  
  28  3:37  Stalker  
  30  3:42  Probe  
  30  3:43  Probe  
  32  3:58  Warp Prism  
  32  3:59  Warp Gate  
  32  4:01  Probe  
  35  4:13  Shield Battery  
  35  4:14  Stalker  
  37  4:25  Probe  
  37  4:26  Probe  
  37  4:28  Pylon  
  35  4:55  Gateway  
  35  4:56  Gateway  
  35  4:57  Gateway  
  35  4:58  Pylon  
  35  5:05  Immortal  
  39  5:08  Probe  
  39  5:09  Probe  
  41  5:25  Pylon  
  41  5:32  Pylon  
  41  5:39  Probe  
  41  5:41  Immortal, Probe  
  47  6:09  Stalker x4  
  49  6:38  Zealot x3  
  49  6:39  Zealot  
  47  6:55  Zealot  
  47  7:00  Zealot  
  47  7:01  Zealot  
Tags
 
Add a new tag
Caveats
  • Supply blocks, unpowered buildings, or Contaminate may cause inaccurate times.
  • Supply counts are checked every 10 seconds.